TOP OF THE 1ST |
Hendersonville Hitmen batting - Pitching for Irvine Gang Green : LHP Frank Jackson
|
Pitching: LHP Frank Jackson
|
|
Batting: RHB Carlos García
|
0-0: Called Strike 0-1: Ground out 3-1 (Groundball, 34)
|
Batting: RHB Rafael González
|
0-0: Ball 1-0: Reached on error, E6 (Groundball, 6)
|
Batting: LHB Jerry Bryan
|
0-0: Ball 1-0: Foul Ball, location: 2F 1-1: Fielders Choice at 2nd, 3-6 (Groundball, 3)
|
Batting: RHB Manolo Román
|
0-0: Ball 1-0: Fielders Choice at 2nd, 6-4 (Groundball, 6)
|
Top of the 1st over - 0 run(s), 0 hit(s), 1 error(s), 0 left on base; Hendersonville 0 - Irvine 0 |
BOTTOM OF THE 1ST |
Irvine Gang Green batting - Pitching for Hendersonville Hitmen : LHP Simon Martel
|
Pitching: LHP Simon Martel
|
|
Batting: RHB Mario Beltrán
|
0-0: Ball 1-0: Ball 2-0: Swinging Strike 2-1: Ball 3-1: Called Strike 3-2: Fly out, F9 (Flyball, 89M)
|
Batting: LHB Leonardo Medina
|
0-0: Ball 1-0: Foul Ball, location: 2F 1-1: Ball 2-1: Foul Ball, location: 2F 2-2: Ball 3-2: Strikes out swinging
|
Batting: LHB Víctor Quiñones
|
0-0: Called Strike 0-1: Foul Ball, location: 2F 0-2: Ball 1-2: Ground out U3 (Groundball, 3)
|
Bottom of the 1st over - 0 run(s), 0 hit(s), 0 error(s), 0 left on base; Hendersonville 0 - Irvine 0 |
TOP OF THE 2ND |
Hendersonville Hitmen batting - Pitching for Irvine Gang Green : LHP Frank Jackson
|
Batting: LHB José Flores
|
0-0: Ball 1-0: Ground out 3-1 (Groundball, 34)
|
Batting: SHB Tony López
|
0-0: Ball 1-0: SINGLE (Groundball, 6MD)
|
Batting: RHB Robert Buckley
|
0-0: Fielders Choice at 2nd, 6-4 (Groundball, 6M)
|
Batting: RHB Alfredo Cortéz
|
0-0: Called Strike 0-1: Fielders Choice at 2nd, U4 (Groundball, 4M)
|
Top of the 2nd over - 0 run(s), 1 hit(s), 0 error(s), 1 left on base; Hendersonville 0 - Irvine 0 |
BOTTOM OF THE 2ND |
Irvine Gang Green batting - Pitching for Hendersonville Hitmen : LHP Simon Martel
|
Batting: RHB Buck Jones
|
0-0: Ball 1-0: Ground out 5-3 (Groundball, 56)
|
Batting: LHB Bill Murphy
|
0-0: Ball 1-0: Ball 2-0: Ball 3-0: SINGLE (Groundball, 4MD)
|
Batting: SHB Cristo Ontiveros
|
0-0: Called Strike 0-1: Ball 1-1: DOUBLE (Flyball, 7D) Bill Murphy to third Runner from 3rd tries for Home, SAFE, no throw or cutoff
|
Batting: RHB Luis Barzaga
|
0-0: Ball 1-0: Ground out 6-3 (Groundball, 6)
|
Batting: RHB John Pick
|
0-0: Called Strike 0-1: Foul Ball, location: 2F 0-2: Foul Ball, location: 2F 0-2: Ball 1-2: Foul Ball, location: 2F 1-2: Ball 2-2: SINGLE (Groundball, 6MD) Cristo Ontiveros to third Runner from 3rd tries for Home, SAFE, throw made home John Pick to second
|
Batting: RHB José García
|
0-0: SINGLE (Line Drive, 78S) John Pick to third Runner from 3rd tries for Home, SAFE, no throw or cutoff
|
Batting: RHB Mario Beltrán
|
0-0: Called Strike José García steals 2nd base 0-1: Ball 1-1: Ball 2-1: DOUBLE (Flyball, 89D) José García scores
|
Pinch Runner at 2nd Raúl Salas:
|
|
Batting: LHB Leonardo Medina
|
0-0: Ball 1-0: Called Strike 1-1: Foul Ball, location: 2F 1-2: Strikes out looking
|
Bottom of the 2nd over - 4 run(s), 5 hit(s), 0 error(s), 1 left on base; Hendersonville 0 - Irvine 4 |
TOP OF THE 3RD |
Hendersonville Hitmen batting - Pitching for Irvine Gang Green : LHP Frank Jackson
|
Now at C: Raúl Salas
|
|
Batting: RHB Taylor McFarland
|
0-0: Called Strike 0-1: Foul Ball, location: 2F 0-2: Foul Ball, location: 2F 0-2: Foul Ball, location: 2F 0-2: SINGLE (Flyball, 8LS)
|
Batting: RHB Carlos García
|
0-0: Called Strike 0-1: Swinging Strike 0-2: Foul Ball, location: 2F 0-2: SINGLE (Line Drive, 9S) Taylor McFarland to second Runner from 2nd tries for 3rd, SAFE, throw made to third Carlos García to second
|
Batting: RHB Rafael González
|
0-0: SINGLE (Line Drive, 56) Taylor McFarland scores Carlos García to third Runner from 3rd tries for Home, SAFE, no throw or cutoff
|
Batting: LHB Jerry Bryan
|
0-0: Called Strike 0-1: Ball 1-1: Called Strike 1-2: Ball 2-2: SINGLE (Line Drive, 78S) Rafael González to second
|
Batting: RHB Manolo Román
|
0-0: Called Strike 0-1: Foul Ball, location: 2F 0-2: SINGLE (Groundball, 4MD) Rafael González to third Jerry Bryan to second Runner from 3rd tries for Home, SAFE, no throw or cutoff
|
Batting: LHB José Flores
|
0-0: Called Strike 0-1: Ball 1-1: Ball 2-1: Fielders Choice at 2nd, 6-4 (Groundball, 6) Jerry Bryan to third
|
Batting: SHB Tony López
|
0-0: Ball 1-0: Called Strike 1-1: DOUBLE (Flyball, 9LM) Jerry Bryan scores José Flores to third
|
Batting: RHB Robert Buckley
|
0-0: Ball 1-0: Fly out, F8 (Flyball, 8RD) Runner from 3rd tags up, SCORES, no throw
|
Batting: RHB Alfredo Cortéz
|
0-0: Ball 1-0: Foul Ball, location: 2F 1-1: Called Strike 1-2: Ball 2-2: Ball 3-2: Foul Ball, location: 2F 3-2: Base on Balls
|
Pitching: LHP José Gómez
|
|
Batting: RHB Taylor McFarland
|
0-0: Called Strike 0-1: Ball 1-1: Ball 2-1: SINGLE (Flyball, 8RS) Tony López to third Alfredo Cortéz to second Runner from 3rd tries for Home, SAFE, no throw or cutoff
|
Batting: RHB Carlos García
|
0-0: Ball 1-0: 3-RUN HOME RUN (Flyball, 7LD), Distance : 341 ft
|
Batting: RHB Rafael González
|
0-0: Foul Ball, location: 2F 0-1: Ball 1-1: Swinging Strike 1-2: Strikes out looking
|
Top of the 3rd over - 9 run(s), 8 hit(s), 0 error(s), 0 left on base; Hendersonville 9 - Irvine 4 |
BOTTOM OF THE 3RD |
Irvine Gang Green batting - Pitching for Hendersonville Hitmen : LHP Simon Martel
|
Batting: LHB Víctor Quiñones
|
0-0: Ball 1-0: Swinging Strike 1-1: Ball 2-1: Ball 3-1: Called Strike 3-2: Base on Balls
|
Batting: RHB Buck Jones
|
0-0: Ball 1-0: Foul Ball, location: 2F 1-1: Foul Ball, location: 2F 1-2: Ball 2-2: Fly out, F8 (Flyball, 8RM)
|
Batting: LHB Bill Murphy
|
0-0: SINGLE (Groundball, 3D) Víctor Quiñones to second
|
Batting: SHB Cristo Ontiveros
|
0-0: Foul Ball, location: 2F 0-1: Ball 1-1: Fly out, F8 (Flyball, 8LM)
|
Batting: RHB Luis Barzaga
|
0-0: Called Strike 0-1: Ball 1-1: Ground out 6-3 (Groundball, 6S)
|
Bottom of the 3rd over - 0 run(s), 1 hit(s), 0 error(s), 2 left on base; Hendersonville 9 - Irvine 4 |
TOP OF THE 4TH |
Hendersonville Hitmen batting - Pitching for Irvine Gang Green : LHP José Gómez
|
Batting: LHB Jerry Bryan
|
0-0: Ball 1-0: SINGLE (Line Drive, 89S)
|
Batting: RHB Manolo Román
|
0-0: Called Strike 0-1: Swinging Strike 0-2: Ball 1-2: Ball 2-2: Foul Ball, location: 2F 2-2: Ball 3-2: Base on Balls Jerry Bryan to second
|
Batting: LHB José Flores
|
0-0: Ball 1-0: Ball 2-0: Swinging Strike 2-1: Swinging Strike 2-2: Ball 3-2: Strikes out swinging
|
Batting: SHB Tony López
|
0-0: Ball 1-0: Ball 2-0: SINGLE (Groundball, 56D) Jerry Bryan to third Manolo Román to second
|
Batting: RHB Robert Buckley
|
0-0: Ball 1-0: DOUBLE (Flyball, 9LD) Jerry Bryan scores Manolo Román scores Tony López to third
|
Pitching: RHP Alonso Jiménez
|
|
Batting: RHB Alfredo Cortéz
|
0-0: Ball 1-0: Fly out, F8 (Flyball, 89M) Runner from 3rd tags up, SCORES, no throw
|
Batting: RHB Taylor McFarland
|
0-0: Ball 1-0: Fly out, F7 (Flyball, 7LD)
|
Top of the 4th over - 3 run(s), 3 hit(s), 0 error(s), 1 left on base; Hendersonville 12 - Irvine 4 |
BOTTOM OF THE 4TH |
Irvine Gang Green batting - Pitching for Hendersonville Hitmen : LHP Simon Martel
|
Batting: RHB John Pick
|
0-0: Ball 1-0: Called Strike 1-1: Foul Ball, location: 2F 1-2: Ball 2-2: Ground out 5-3 (Groundball, 56)
|
Batting: RHB José García
|
0-0: SINGLE (Line Drive, 78S)
|
Batting: RHB Raúl Salas
|
0-0: Called Strike 0-1: Fly out, F2 (Popup, 2RF)
|
Batting: LHB Leonardo Medina
|
0-0: Called Strike 0-1: Foul Ball, location: 2F 0-2: Ball 1-2: SINGLE (Line Drive, 4MD) José García to second Runner from 2nd tries for 3rd, OUT!
|
Bottom of the 4th over - 0 run(s), 2 hit(s), 0 error(s), 1 left on base; Hendersonville 12 - Irvine 4 |
TOP OF THE 5TH |
Hendersonville Hitmen batting - Pitching for Irvine Gang Green : RHP Alonso Jiménez
|
Batting: RHB Carlos García
|
0-0: Called Strike 0-1: Foul Ball, location: 2F 0-2: Ball 1-2: Ball 2-2: Fly out, F8 (Flyball, 8LXD)
|
Pinch Hitting: RHB Junior Vargas
|
0-0: Called Strike 0-1: Called Strike 0-2: Ball 1-2: SINGLE (Groundball, 6MD)
|
Batting: LHB Jerry Bryan
|
0-0: Ball 1-0: Ball 2-0: Called Strike 2-1: 2-RUN HOME RUN (Flyball, 9D), Distance : 378 ft
|
Pinch Hitting: RHB Jonah Duncan
|
0-0: Ball 1-0: Called Strike 1-1: Ball 2-1: Ground out U3 (Groundball, 3S)
|
Pinch Hitting: SHB David Johnstone
|
0-0: Ball 1-0: Ground out 4-3 (Groundball, 4)
|
Top of the 5th over - 2 run(s), 2 hit(s), 0 error(s), 0 left on base; Hendersonville 14 - Irvine 4 |
BOTTOM OF THE 5TH |
Irvine Gang Green batting - Pitching for Hendersonville Hitmen : LHP Simon Martel
|
Pitching: RHP Francisco Carrasco
|
|
Now at 1B: David Johnstone
|
|
Now at 2B: Junior Vargas
|
|
Now in RF: Jonah Duncan
|
|
Batting: LHB Víctor Quiñones
|
0-0: Ball 1-0: Foul Ball, location: 2F 1-1: Ground out U3 (Groundball, 3S)
|
Batting: RHB Buck Jones
|
0-0: Ball 1-0: Foul Ball, location: 2F 1-1: Swinging Strike 1-2: DOUBLE (Flyball, 7D)
|
Batting: LHB Bill Murphy
|
0-0: Ball 1-0: Swinging Strike 1-1: Swinging Strike 1-2: Ball 2-2: Ball 3-2: Ground out U3 (Groundball, 3S) Buck Jones to third
|
Batting: SHB Cristo Ontiveros
|
0-0: Ball 1-0: Swinging Strike 1-1: Ball 2-1: Foul Ball, location: 2F 2-2: Strikes out swinging
|
Bottom of the 5th over - 0 run(s), 1 hit(s), 0 error(s), 1 left on base; Hendersonville 14 - Irvine 4 |
TOP OF THE 6TH |
Hendersonville Hitmen batting - Pitching for Irvine Gang Green : RHP Alonso Jiménez
|
Batting: SHB Tony López
|
0-0: Ball 1-0: Swinging Strike 1-1: Ball 2-1: Ground out 4-3 (Groundball, 4)
|
Batting: RHB Robert Buckley
|
0-0: Ball 1-0: Swinging Strike 1-1: Called Strike 1-2: Strikes out looking
|
Batting: RHB Alfredo Cortéz
|
0-0: Foul Ball, location: 2F 0-1: Fly out, F9 (Flyball, 89S)
|
Top of the 6th over - 0 run(s), 0 hit(s), 0 error(s), 0 left on base; Hendersonville 14 - Irvine 4 |
BOTTOM OF THE 6TH |
Irvine Gang Green batting - Pitching for Hendersonville Hitmen : RHP Francisco Carrasco
|
Batting: RHB Luis Barzaga
|
0-0: Called Strike 0-1: Ball 1-1: Ball 2-1: Foul Ball, location: 2F 2-2: Strikes out swinging
|
Batting: RHB John Pick
|
0-0: Swinging Strike 0-1: Foul Ball, location: 2F 0-2: Ball 1-2: Strikes out swinging
|
Batting: RHB José García
|
0-0: Bunted foul 0-1: Ball 1-1: Swinging Strike 1-2: Reached on error, E4 (Groundball, 4S)
|
Batting: RHB Raúl Salas
|
0-0: Ball 1-0: Swinging Strike 1-1: Ball 2-1: SINGLE (Flyball, 7S) José García to third Runner from 3rd tries for Home, SAFE, no throw or cutoff
|
Pinch Hitting: LHB Jesús Campos
|
0-0: Foul Ball, location: 2F 0-1: Called Strike 0-2: Ball 1-2: Ball 2-2: Ball 3-2: SINGLE (Line Drive, 8RS) Raúl Salas to second Raúl Salas to third
|
Pinch Hitting: LHB Lorenzo Quintanilla
|
0-0: Called Strike 0-1: Foul Ball, location: 2F 0-2: Ball 1-2: Ball 2-2: Foul Ball, location: 2F 2-2: Foul Ball, location: 2F 2-2: Fielders Choice at 2nd, 5-4 (Groundball, 5)
|
Bottom of the 6th over - 1 run(s), 2 hit(s), 1 error(s), 1 left on base; Hendersonville 14 - Irvine 5 |
TOP OF THE 7TH |
Hendersonville Hitmen batting - Pitching for Irvine Gang Green : RHP Alonso Jiménez
|
Pitching: RHP Lorenzo Ramos
|
|
Now at 1B: Jesús Campos
|
|
Now in RF: Lorenzo Quintanilla
|
|
Batting: RHB Taylor McFarland
|
0-0: Ball 1-0: Ball 2-0: Fly out, F9 (Flyball, 9M)
|
Batting: RHB Carlos García
|
0-0: Ball 1-0: Called Strike 1-1: Ball 2-1: Swinging Strike 2-2: Strikes out swinging
|
Batting: RHB Junior Vargas
|
0-0: Foul Ball, location: 2F 0-1: Ball 1-1: Foul Ball, location: 2F 1-2: Ball 2-2: Foul Ball, location: 2F 2-2: Fly out, F4 (Line Drive, 4M)
|
Top of the 7th over - 0 run(s), 0 hit(s), 0 error(s), 0 left on base; Hendersonville 14 - Irvine 5 |
BOTTOM OF THE 7TH |
Irvine Gang Green batting - Pitching for Hendersonville Hitmen : RHP Francisco Carrasco
|
Pitching: RHP Héctor Reyes
|
|
Pinch Hitting: RHB José Salazar
|
0-0: Ball 1-0: Called Strike 1-1: Ball 2-1: Ball 3-1: Ground out 1-3 (Groundball, 15)
|
Pinch Hitting: LHB Tony Tavárez
|
0-0: Ball 1-0: Swinging Strike 1-1: Foul Ball, location: 2F 1-2: Ground out 4-3 (Groundball, 4M)
|
Pinch Hitting: LHB Fernando Camacho
|
0-0: Ball 1-0: SINGLE (Flyball, 89S)
|
Batting: RHB Pepe González
|
0-0: Called Strike 0-1: Foul Ball, location: 2F 0-2: Strikes out swinging
|
Bottom of the 7th over - 0 run(s), 1 hit(s), 0 error(s), 1 left on base; Hendersonville 14 - Irvine 5 |
TOP OF THE 8TH |
Hendersonville Hitmen batting - Pitching for Irvine Gang Green : RHP Lorenzo Ramos
|
Now at 1B: Fernando Camacho
|
|
Now at SS: José Salazar
|
|
Now in LF: Tony Tavárez
|
|
Batting: LHB Jerry Bryan
|
0-0: Ground out 3-1 (Groundball, 34S)
|
Batting: RHB Jonah Duncan
|
0-0: Called Strike 0-1: Called Strike 0-2: Ball 1-2: Strikes out looking
|
Batting: SHB David Johnstone
|
0-0: SINGLE (Flyball, 6MD)
|
Batting: SHB Tony López
|
0-0: Fly out, F7 (Flyball, 7D)
|
Top of the 8th over - 0 run(s), 1 hit(s), 0 error(s), 1 left on base; Hendersonville 14 - Irvine 5 |
BOTTOM OF THE 8TH |
Irvine Gang Green batting - Pitching for Hendersonville Hitmen : RHP Héctor Reyes
|
Batting: RHB John Pick
|
0-0: Called Strike 0-1: Ball 1-1: Ball 2-1: Foul Ball, location: 2F 2-2: Foul Ball, location: 2F 2-2: Ground out 5-3 (Groundball, 5)
|
Batting: RHB José García
|
0-0: Called Strike 0-1: Ball 1-1: Ground out 5-3 (Groundball, 5S)
|
Batting: RHB Raúl Salas
|
0-0: Swinging Strike 0-1: Ball 1-1: Ball 2-1: Foul Ball, location: 2F 2-2: Foul Ball, location: 2F 2-2: Strikes out looking
|
Bottom of the 8th over - 0 run(s), 0 hit(s), 0 error(s), 0 left on base; Hendersonville 14 - Irvine 5 |
TOP OF THE 9TH |
Hendersonville Hitmen batting - Pitching for Irvine Gang Green : RHP Lorenzo Ramos
|
Batting: RHB Robert Buckley
|
0-0: Ball 1-0: Ground out 6-3 (Groundball, 6M)
|
Pinch Hitting: LHB Jerry Johnston
|
0-0: Swinging Strike 0-1: Foul Ball, location: 2F 0-2: Ball 1-2: Fly out, F7 (Line Drive, 78M)
|
Batting: RHB Taylor McFarland
|
0-0: Ball 1-0: Ground out 3-1 (Groundball, 34S)
|
Top of the 9th over - 0 run(s), 0 hit(s), 0 error(s), 0 left on base; Hendersonville 14 - Irvine 5 |
BOTTOM OF THE 9TH |
Irvine Gang Green batting - Pitching for Hendersonville Hitmen : RHP Héctor Reyes
|
Pitching: RHP Jorge Pérez
|
|
Now at C: Jerry Johnston
|
|
Batting: LHB Jesús Campos
|
0-0: Foul Ball, location: 2F 0-1: Foul Ball, location: 2F 0-2: Ball 1-2: Reached on error, E3 (Groundball, 3S)
|
Batting: LHB Lorenzo Quintanilla
|
0-0: Ball 1-0: Ball 2-0: Foul Ball, location: 2F 2-1: Ball 3-1: Foul Ball, location: 2F 3-2: DOUBLE (Groundball, 3L) Jesús Campos to third
|
Pitching: RHP Edward Cadle
|
|
Batting: RHB José Salazar
|
0-0: Ball 1-0: Ground out 6-3 (Groundball, 6M) Jesús Campos scores Lorenzo Quintanilla to third
|
Batting: LHB Tony Tavárez
|
Balk! Lorenzo Quintanilla scores 0-0: Ball 1-0: DOUBLE (Line Drive, 9LS)
|
Batting: LHB Fernando Camacho
|
0-0: Called Strike 0-1: Foul Ball, location: 2F 0-2: Ball 1-2: Ball 2-2: Foul Ball, location: 2F 2-2: Ground out U3 (Groundball, 3S) Tony Tavárez to third
|
Batting: RHB Pepe González
|
0-0: Called Strike 0-1: Ball 1-1: Foul Ball, location: 2F 1-2: Ball 2-2: Foul Ball, location: 2F 2-2: Ball 3-2: Base on Balls
|
Batting: RHB John Pick
|
0-0: Foul Ball, location: 2F 0-1: Foul Ball, location: 2F 0-2: Ball 1-2: Foul Ball, location: 2F 1-2: Strikes out swinging
|
Bottom of the 9th over - 2 run(s), 2 hit(s), 1 error(s), 2 left on base; Hendersonville 14 - Irvine 7 |
|